 Dungeon Crawl Stone Soup version 0.29.1-2-gbd0b4ee654 (webtiles) character file.

Game seed: 16140233576961852431

58 Firos the Changer (level 4, -8/28 HPs)
             Began as an Octopode Transmuter on Nov 8, 2022.
             Mangled by Sigmund
             ... wielding a +2 antimagic scythe
              (9 damage)
             ... on level 2 of the Dungeon.
             The game lasted 00:01:50 (1478 turns).

Firos the Changer (Octopode Transmuter)             Turns: 1478, Time: 00:01:51

Health: -8/28      AC:  2    Str:  9    XL:     4   Next: 1%
Magic:  0/8        EV: 19    Int: 17    God:
Gold:   66         SH:  0    Dex: 17    Spells: 2/8 levels left

rFire   . . .      SeeInvis .     - Unarmed
rCold   . . .      Faith    .   (shield currently unavailable)
rNeg    . . .      Spirit   .   (helmet currently unavailable)
rPois   x          Reflect  .   (no amulet)
rElec   .          Harm     .   (no ring)
rCorr   .          Rampage  .   (no ring)
Will    .....                   (no ring)
Stlth   ++........              (no ring)
HPRegen 0.09/turn               (no ring)
MPRegen 0.11/turn               (no ring)
                                (no ring)
                                (no ring)

@: spider-form (expiring)
A: venomous fangs, almost no armour, (amphibious), 8 rings, tiny, (camouflage
1), (gelatinous body 1), (nimble swimmer 1), (tentacles)
a: End Transformation


You were on level 2 of the Dungeon.
You were a venomous arachnid creature.
You visited 1 branch of the dungeon, and saw 2 of its levels.

You collected 66 gold pieces.

Inventory:

Scrolls
 f - a scroll of immolation {unknown}
Potions
 a - a potion of lignification
 b - a potion of haste
 c - a potion of mutation {unknown}
 d - a potion of curing {unknown}
 e - a potion of heal wounds
 g - a potion of attraction {unknown}


   Skills:
 - Level 1.0 Fighting
 - Level 2.0 Dodging
 + Level 2.3 Stealth
 - Level 3.0 Unarmed Combat
 + Level 2.7 Spellcasting
 * Level 3.1 Transmutations


You had 2 spell levels left.
You knew the following spells:

 Your Spells              Type           Power      Damage    Failure   Level
a - Beastly Appendage     Tmut           24%        N/A       14%         1
b - Wereblood             Tmut           12%        N/A       21%         2
c - Spider Form           Tmut/Pois      7%         N/A       50%         3

Your spell library contained the following spells:

 Spells                   Type           Power      Damage    Failure   Level
 Ice Form                 Ice/Tmut       7%         N/A       85%         4


Dungeon Overview and Level Annotations

Branches:
Dungeon (2/15)

Altars:

Annotations:
D:2 Sigmund


Innate Abilities, Weirdness & Mutations

You are a venomous arachnid creature.
You have poisonous fangs.
You are tiny and dextrous.
Your spellcasting is less reliable in this form.
Your armour is entirely melded.
You are incapable of wielding weapons or throwing items.
You cannot wear most types of armour.
((You are amphibious.))
You can wear up to eight rings at the same time.
((Your skin changes colour to match your surroundings (Stealth+).))
((Your rubbery body absorbs attacks. (AC +1, EV +1)))
((You are camouflaged when in or above water. (Stealth+)))
((You have tentacles for arms and can constrict up to eight enemies at once.))


Message History

Sigmund the Dreaded comes into view.
He is wielding a +2 antimagic scythe.
You closely miss the ball python. Your grab misses the ball python.
Your squeeze misses the ball python. The ball python closely misses you.
The ball python misses you.
You tentacle-slap the ball python. Your grab misses the ball python.
The ball python is heavily wounded.
The ball python bites you. The ball python closely misses you.
You closely miss the ball python. You grab the ball python.
The ball python is heavily wounded.
You constrict the ball python.
Sigmund shouts!
The ball python barely misses you. The ball python misses you.
You tentacle-slap the ball python.
You kill the ball python!
Sigmund drinks a potion.
Sigmund seems to speed up.
You have reached level 4!
You aren't carrying any items that you can evoke.
Casting: Beastly Appendage (safe; 4% risk of failure)
Confirm with . or Enter, or press ? or * to list all spells.
The spell is extremely dangerous to miscast (28% risk of failure)!
Continue anyway?
You turn into a venomous arachnid creature.
A quokka comes into view.
Sigmund points at you and mumbles some strange words.
You resist with some effort. Sigmund completely misses you.
You hit Sigmund.
Sigmund is poisoned.
Sigmund is lightly wounded.
Sigmund gestures wildly while chanting.
Sigmund flickers and vanishes!
Deactivating autopickup; reactivate with Ctrl-A.
You hit something but do no damage.
Your transformation is almost over.
Something hits you.
You feel your power leaking away.
You barely miss something. Something hits you!
You feel your power leaking away.
You hit something. Something hits you!
* * * LOW HITPOINT WARNING * * *
You hit something but do no damage. Something hits you!
You die...

#.# #.#### #.....
......# # #.###.##
.# #.##...##..#
#{r........#
#s##.†.##..####
#.###..........
######.###..##..####
#...............#
#.####.#....###.#
###
#..........#####§§
###.##.##.......#§
#.##.##.####.≈.≈
#.##.##.# ##...


You could see a quokka.

Vanquished Creatures
  2 adders (D:2)
  A worm (D:2)
  A dart slug (D:2)
  2 ball pythons
  3 endoplasms
  2 giant cockroaches (D:1)
  A goblin (D:2)
  2 hobgoblins (D:1)
  3 jackals (D:2)
  3 quokkas
  4 bats
  3 frilled lizards (D:1)
  3 kobolds
  3 rats
33 creatures vanquished.

Notes
Turn   | Place    | Note
-------+----------+-------------------------------------------
     0 | D:1      | Firos the Octopode Transmuter began the quest for the Orb.
     0 | D:1      | Reached XP level 1. HP: 13/13 MP: 3/3
   102 | D:1      | Reached XP level 2. HP: 18/18 MP: 5/5
   105 | D:1      | Learned a level 2 spell: Wereblood
   719 | D:1      | Reached skill level 1 in Stealth
  1053 | D:2      | Reached XP level 3. HP: 6/23 MP: 4/6
  1396 | D:2      | Learned a level 3 spell: Spider Form
  1465 | D:2      | Noticed Sigmund
  1471 | D:2      | Reached XP level 4. HP: 26/28 MP: 8/8
  1477 | D:2      | HP: 1/28 [something (11)]
  1478 | D:2      | Mangled by Sigmund

Illustrated notes

Levels and vault maps discovered:
D:1:      erik_arrival_blinker_ship, layout_basic,
          hangedman_abyss_or_decor_lesser_grid, nicolae_figureground_sparkle
D:2:      layout_loops_ring, kennysheep_crisscross, uniq_sigmund, uniq_natasha

Skill      XL: |  1  2  3 |
---------------+----------+-----
Stealth        | 1 2 |  2.3
Transmutations | 3 |  3.1
Fighting       | |  1.0
Dodging        | |  2.0
Unarmed Combat | |  3.0
Spellcasting   | |  2.7

Action                   |  1- 3 |  4- 6 || total
-------------------------+-------+-------++-------
Melee: Unarmed           |    79 |     5 ||    84
       Constrict         |    23 |       ||    23
       Tentacles         |    13 |       ||    13
       Punch             |     2 |       ||     2
       Kick              |     5 |       ||     5
 Cast: Beastly Appendage |     3 |       ||     3
       Spider Form       |       |     1 ||     1
  Use: Scroll            |     1 |       ||     1
       Potion            |     1 |       ||     1
 Stab: Sleeping          |     5 |       ||     5
Armor: Skin              |     7 |       ||     7
Dodge: Dodged            |    55 |     1 ||    56
